 Dungeon Crawl Stone Soup version 0.29.0-4-gdea44cf6ec (webtiles) character file.

Game seed: 13823327988342813870

56 qw the Chopper (level 3, -5/23 HPs)
             Began as a Gargoyle Berserker on Sept 4, 2022.
             Was a Follower of Trog.
             Slain by a gnoll
             ... wielding a +0 flail
              (7 damage)
             ... on level 2 of the Dungeon.
             The game lasted 00:00:27 (1982 turns).

qw the Chopper (Gargoyle Berserker)                 Turns: 1982, Time: 00:00:27

Health: -5/23      AC: 10    Str: 21 (22) XL:     3   Next: 95%
Magic:  3/3        EV: 10    Int:  7      God:    Trog [*.....]
Gold:   29         SH:  0    Dex:  6 (9)  Spells: 2/2 levels left

rFire   . . .      SeeInvis .   Y - +0 hand axe
rCold   . . .      Faith    .   (no shield)
rNeg    + . .      Spirit   .   j - +0 scale mail
rPois   inf        Reflect  .   (no helmet)
rElec   +          Harm     .   h - +0 cloak
rCorr   .          Rampage  .   (no gloves)
Will    .....                   (no boots)
Stlth   ..........              (no amulet)
HPRegen 0.07/turn               (no ring)
MPRegen 0.08/turn               (no ring)

@: on berserk cooldown, slowed, very slow
A: sickness immunity, AC +3, negative energy resistance 1, electricity
resistance, torment resistance 1, petrification resistance
a: Renounce Religion, Berserk


You were on level 2 of the Dungeon.
You worshipped Trog.
Trog was aware of your devotion.
You visited 1 branch of the dungeon, and saw 2 of its levels.

You collected 70 gold pieces.
You spent 41 gold pieces at shops.


Innate Abilities, Weirdness & Mutations

You are immune to sickness and miasma.
Your stone body is resilient. (AC +3)
You are immune to poison.
You resist negative energy. (rN+)
You are resistant to electric shocks. (rElec)
You are resistant to unholy torment.
You are immune to petrification.


   Skills:
 - Level 3.2 Fighting
 + Level 4.3 Axes
 - Level 2.1 Armour
 - Level 1.5 Dodging


You had 2 spell levels left.
You didn't know any spells.
Your spell library was empty.

Inventory:

Hand Weapons
 d - a +0 club
 Y - a +0 hand axe (weapon)
Armour
 h - a +0 cloak (worn)
 j - a +0 scale mail (worn)
Scrolls
 e - 2 scrolls of identify
Potions
 g - a potion of resistance
 i - a potion of curing

Dungeon Overview and Level Annotations

Branches:
Dungeon (2/15)

Altars:

Shops:
D:1 [**


Message History

You feel yourself moving faster!
You feel mighty!
The gnoll hits you from afar with a +0 halberd.
You feel a strong urge to attack something.
The gnoll shouts!
The gnoll closely misses you. The gnoll hits you with a +0 halberd.
You hit the gnoll.
The gnoll is heavily wounded.
The gnoll misses you. The gnoll completely misses you.
You slash the gnoll!
You kill the gnoll!
Trog accepts your kill.
The gnoll hits you from afar with a +0 halberd.
Your Axes skill increases to level 4!
Found a scroll labelled BATATOURUKH.
Things that are here:
a +0 halberd; a gnoll corpse You slash the gnoll!
You kill the gnoll!
Trog accepts your kill.
You slash the gnoll!
The gnoll is heavily wounded.
The gnoll hits you with a +0 whip.
You slash the gnoll!
You kill the gnoll!
Trog accepts your kill.
You are no longer berserk.
You are exhausted.
You feel yourself slow down.
You feel your intelligence returning. The gnoll hits you with a +0 flail.
You hit the gnoll.
The gnoll is lightly wounded.
The gnoll hits you with a +0 flail. x2
You closely miss the gnoll.
The gnoll is lightly wounded.
The gnoll hits you with a +0 flail.
You closely miss the gnoll.
The gnoll is lightly wounded.
The gnoll closely misses you. The gnoll hits you with a +0 flail!
You die...

######### #........
#........ .
#........ .!..######
#........ ......g@.#
##........
...?####.#
###..#...### #
#.####...######
##########...##!###
#..........#.....#
#........<.......#
#...........####^.#
#...............(..#
#..........######..#


You could see a gnoll.

Vanquished Creatures
  3 gnolls (D:2)
  A worm (D:2)
  A dart slug (D:1)
  2 endoplasms
  2 giant cockroaches (D:1)
  2 goblins (D:1)
  2 hobgoblins (D:1)
  3 quokkas (D:1)
  2 ball pythons (D:1)
  2 bats
  A frilled lizard (D:1)
  A rat (D:1)
22 creatures vanquished.

Vanquished Creatures (others)
  8 toadstools (D:2)
8 creatures vanquished.

Grand Total: 30 creatures vanquished

Notes
Turn   | Place    | Note
-------+----------+-------------------------------------------
     0 | D:1      | qw the Gargoyle Berserker began the quest for the Orb.
     0 | D:1      | Reached XP level 1. HP: 14/14 MP: 1/1
     0 | D:1      | 0 ||| qw: Version: 0.1-a-103-gd6f5d3a
     0 | D:1      | 0 ||| qw: Game counter: 5651
     0 | D:1      | 0 ||| qw: Always use a shield: true
     0 | D:1      | 0 ||| qw: Do Orc after D:15 true
     0 | D:1      | 0 ||| qw: Do second Lair branch before Depths: true
     0 | D:1      | 0 ||| qw: Lair rune preference: random
     0 | D:1      | 0 ||| qw: Plans: Normal
     0 | D:1      | 0 ||| PLANNING D:1-11
    57 | D:1      | 57 ||| Stepping ~*~*~tactically~*~*~ (stealth).
    59 | D:1      | 59 ||| Stepping ~*~*~tactically~*~*~ (stealth).
    70 | D:1      | Reached skill level 3 in Axes
   279 | D:1      | Found Yklif's Armour Shoppe.
   287 | D:1      | 287 ||| SHOPLISTING +0 pair of gloves (45 gold, have 0).
   287 | D:1      | 287 ||| SHOPLISTING +0 ring mail (40 gold, have 0).
   287 | D:1      | 287 ||| SHOPLISTING +0 scale mail (40 gold, have 0).
   287 | D:1      | 287 ||| SHOPLISTING +2 leather armour of cold resistance
                  | (190 gold, have 0).
   287 | D:1      | 287 ||| SHOPLISTING +3 chain mail of poison resistance (235
                  | gold, have 0).
   356 | D:1      | You fall into a shaft and drop 1 floor!
   382 | D:2      | Reached XP level 2. HP: 16/19 MP: 2/2
   425 | D:2      | 425 ||| UPGRADING to +0 cloak.
   430 | D:2      | 430 ||| READING scroll labelled JOSSUE NOWKO.
   531 | D:2      | 531 ||| READING scroll labelled YMEVASMEHE.
   532 | D:2      | 532 ||| DRINKING 2 glowing ruby potions.
   533 | D:2      | 533 ||| DRINKING 2 glowing emerald potions.
   534 | D:2      | 534 ||| DROPPING potion of degeneration.
   540 | D:2      | 540 ||| INVOKING Berserk.
  1092 | D:1      | 1092 ||| Stepping ~*~*~tactically~*~*~ (stealth).
  1105 | D:1      | 1105 ||| INVOKING Berserk.
  1435 | D:1      | Found Cieriuw's Assorted Antiques.
  1444 | D:1      | Reached XP level 3. HP: 14/23 MP: 3/3
  1571 | D:1      | 1571 ||| BUYING bubbling silvery potion (19 gold).
  1571 | D:1      | Bought a bubbling silvery potion for 19 gold pieces
  1571 | D:1      | 1571 ||| SHOPLISTING fizzy golden potion (19 gold, have
                  | 13).
  1571 | D:1      | 1571 ||| SHOPLISTING scroll labelled JIEKEAGIUF (22 gold,
                  | have 13).
  1606 | D:1      | Found Nimot's Assorted Antiques.
  1616 | D:1      | 1616 ||| SHOPLISTING 2 murky green potions (45 gold, have
                  | 23).
  1616 | D:1      | 1616 ||| BUYING bubbling silvery potion (22 gold).
  1616 | D:1      | Bought a bubbling silvery potion for 22 gold pieces
  1616 | D:1      | 1616 ||| SHOPLISTING scroll labelled SENO YHOUWEI (25 gold,
                  | have 1).
  1616 | D:1      | 1616 ||| SHOPLISTING scroll of identify (50 gold, have 1).
  1616 | D:1      | 1616 ||| SHOPLISTING yellow potion (22 gold, have 1).
  1767 | D:1      | Found a faded altar of an unknown god.
  1869 | D:1      | 1869 ||| UPGRADING to +0 ring mail.
  1879 | D:1      | 1879 ||| DROPPING +0 animal skin.
  1880 | D:1      | 1880 ||| UPGRADING to +0 scale mail.
  1890 | D:1      | 1890 ||| DROPPING +0 ring mail.
  1891 | D:1      | 1891 ||| READING 5 scrolls labelled OSTIRGHI POIWN.
  1892 | D:1      | 1892 ||| READING scroll labelled OKOHOD ZUAD.
  1893 | D:1      | 1893 ||| READING scroll labelled XYOBBY DYUBOSIWN.
  1898 | D:1      | 1898 ||| DRINKING 2 bubbling silvery potions.
  1899 | D:1      | 1899 ||| DROPPING 4 scrolls of poison.
  1970 | D:2      | 1970 ||| Stepping ~*~*~tactically~*~*~ (hiding).
  1971 | D:2      | 1971 ||| INVOKING Berserk.
  1975 | D:2      | Reached skill level 4 in Axes
  1980 | D:2      | HP: 4/23 [gnoll/+0 flail (4)]
  1982 | D:2      | Slain by a gnoll

Levels and vault maps discovered:
D:1:      nicolae_arrival_somewhat_less_tricky_arrival, layout_basic,
          shapermc_ecumenical_altar_pompeii, serial_shops,
          nicolae_shop_hallway_plus, nicolae_shop_trees, shop,
          ebering_dispersal_statue_hall, st_stairs_1,
          kennysheep_decorative_pillar
D:2:      cheibrodos_fertilizer, layout_rooms

Skill      XL: |  1  2  3 |
---------------+----------+-----
Axes           | 3 4 |  4.3
Fighting       | |  3.2
Armour         | |  2.1
Dodging        | |  1.5

Action                   || total
-------------------------++-------
Melee: Hand axe          ||    73
Invok: Berserk           ||     3
  Use: Scroll            ||     5
       Potion            ||     3
Armor: Animal skin       ||    20
Dodge: Dodged            ||    45

Table legend:
 A = Non-vault XP
 B = Vault XP
 C = Vault XP percentage of total XP
 D = Non-vault monster count
 E = Vault monster count
 F = Vault count percentage of total count
                 A         B        C        D         E       F
            +---------+---------+-------+---------+---------+-------
      Total |      77 |       3 |   3.8 |      20 |       2 |   9.1
            +---------+---------+-------+---------+---------+-------
        D:1 |      27 |       3 |  10.0 |      14 |       2 |  12.5
        D:2 |      50 |       0 |   0.0 |       6 |       0 |   0.0
            +---------+---------+-------+---------+---------+-------
